 Dungeon Crawl Stone Soup version 0.30-a0-972-gf3ab3527aa (webtiles) character file.

Game seed: 2189228478892707558

21 DeathPants the Chopper (level 2, -1/15 HPs)
             Began as a Vine Stalker Gladiator on Mar 31, 2023.
             Slain by an orc
             ... wielding a +0 club
              (4 damage)
             ... on level 2 of the Dungeon.
             The game lasted 00:02:07 (974 turns).

DeathPants the Chopper (Vine Stalker Gladiator)      Turns: 974, Time: 00:02:08

Health: -1/15      AC:  9    Str: 16    XL:     2   Next: 87%
Magic:  0/3        EV:  7    Int:  8    God:
Gold:   63         SH:  0    Dex: 15    Spells: 1/1 levels left

rFire   . . .      SeeInvis .    a - +0 war axe
rCold   . . .      Faith    .    (no shield)
rNeg    . . .      Spirit   +    i - +0 chain mail
rPois   .          Reflect  .    c - +0 helmet
rElec   .          Rampage  .    (no cloak)
rCorr   .                        (no gloves)
Will    .....                    (no boots) Stlth
                                 n - amulet of regeneration
HPRegen 1.02/turn                (no ring)
MPRegen 0.08/turn                (no ring)

@: no status effects
A: fangs 2, magic shield, antimagic bite, no potion heal 2
a: no special abilities


You were on level 2 of the Dungeon.
You visited 1 branch of the dungeon, and saw 3 of its levels.

You collected 63 gold pieces.

Inventory:

Hand Weapons
 a - a +0 war axe (weapon)
Missiles
 d - 3 throwing nets (quivered)
 e - a javelin
Armour
 b - a +0 leather armour
 c - a +0 helmet (worn)
 i - a +0 chain mail (worn)
Jewellery
 n - an amulet of regeneration (around neck)
Wands
 o - a wand of digging (6)
Scrolls
 f - a scroll of poison {unknown}
 g - 5 scrolls of identify {unknown}
 l - a scroll of fog {unknown}
 m - a scroll of enchant armour {unknown}
Potions
 h - a potion of cancellation {unknown}
 j - a potion of curing {unknown}
 k - a potion of brilliance {unknown}


   Skills:
 + Level 2.0 Fighting
 * Level 3.1 Axes
 - Level 1.7 Throwing
 + Level 0.6 Armour
 + Level 2.6 Dodging


You had one spell level left.
You didn't know any spells.
Your spell library was empty.

Dungeon Overview and Level Annotations

Branches:
Dungeon (3/15)

Altars:


Innate Abilities, Weirdness & Mutations

You have extremely sharp teeth.
When hurt, damage is shared between your health and your magic reserves.
Your bite disrupts and absorbs the magic of your enemies.
Potions cannot restore your health.


Message History

The ball python bites you but does no damage.
The ball python grabs you. The ball python constricts you.
You closely miss the frilled lizard. You bite the frilled lizard.
You kill the frilled lizard!
You barely miss the ball python.
The ball python bites you but does no damage.
The ball python constricts you.
The ball python bites you but does no damage.
The ball python constricts you.
You slash the ball python!
You kill the ball python!
You see here a ball python corpse.
A rat comes into view.
The rat moves out of view.
An orc comes into view. It is wielding a +0 club.
The orc shouts!
An orc priest comes into view. It is wielding a +0 dagger.
An orc priest comes into view. It is wielding a +0 club.
The orc priest shouts! x2
A goblin comes into view. It is wielding a +0 dagger.
The goblin shouts!
You see here a scroll labelled LUROAXT CAKKU.
g - 5 scrolls labelled LUROAXT CAKKU (gained 1)
An orc comes into view. It is wielding a +0 flail.
The orc shouts!
The orc priest casts a cantrip, but nothing happens.
The orc priest looks satisfied for a moment.
The rat bites you but does no damage.
There is a stone staircase leading up here.
The orc priest calls down the wrath of Beogh upon you.
Beogh smites you!
Ouch! That really hurt!
* * * LOW HITPOINT WARNING * * *
The orc barely misses you. The rat bites you.
* * * LOW HITPOINT WARNING * * *
You climb upwards.
There is a stone staircase leading down here.
You barely miss the rat. You closely miss the orc.
The orc hits you with a +0 club.
You die...

##########
#.@.......
#.ro######
#.....
......#
###.#....
#.#.##.#
..#.# .##
....##...
###......


You could see an orc and a rat.

Vanquished Creatures
  An endoplasm (D:1)
  A giant cockroach (D:1)
  2 hobgoblins (D:1)
  A jackal (D:1)
  A kobold (D:1)
  2 quokkas (D:1)
  3 ball pythons
  4 bats (D:1)
  A frilled lizard (D:3)
  A goblin (D:1)
  5 rats (D:1)
22 creatures vanquished.

Notes
Turn   | Place    | Note
-------+----------+-------------------------------------------
     0 | D:1      | DeathPants the Vine Stalker Gladiator began the quest for
                  | the Orb.
     0 | D:1      | Reached XP level 1. HP: 11/11 MP: 2/2
   101 | D:1      | Reached XP level 2. HP: 15/15 MP: 3/3
   196 | D:1      | Reached skill level 3 in Axes
   954 | D:3      | Found a faded altar of an unknown god.
   974 | D:2      | Slain by an orc

Illustrated notes

Levels and vault maps discovered:
D:1:      lemuel_arrival_tunnels, layout_basic, minmay_tromino_v4_c
D:2:      layout_basic, serial_shops, nicolae_square_shop, nicolae_shop_crystal,
          nicolae_shop_waterfront, minmay_crystal_water, uniq_sigmund
D:3:      layout_rooms, zin_purify, nicolae_overflow_ecumenical_swirl,
          chequers_ecumenical_altar_simple

Skill      XL: |  1  2 |
---------------+-------+-----
Fighting       | 2 |  2.0
Axes           | 3 |  3.1
Throwing       | |  1.7
Armour         | |  0.6
Dodging        | |  2.6

Action                     || total
---------------------------++-------
  Melee: War axe           ||    46
         Bite              ||     8
         Punch             ||     1
 Armour: Leather armour    ||    13
         Chain mail        ||    10
  Dodge: Dodged            ||    34

Table legend: (Time is in decaauts)
 A = Elapsed time spent in this place.
 B = Non-inter-level travel time spent in this place.
 C = Inter-level travel time spent in this place.
 D = Time resting spent in this place.
 E = Time spent auto-exploring this place.
 F = Levels seen in this place.
 G = Mean time per level.
                   A        B        C        D        E       F      G
               +--------+--------+--------+--------+--------+-----+--------+
         Total |    990 |    970 |     20 |      0 |    706 |   3 |  330.0 |
       Dungeon |    990 |    970 |     20 |      0 |    706 |   3 |  330.0 |
               +--------+--------+--------+--------+--------+-----+--------+

Top non-repeatable levels by time:
     D:1: 925 daAuts
     D:2: 45 daAuts
     D:3: 19 daAuts
